 Dungeon Crawl Stone Soup version 0.30.1-11-g7821555f0a (webtiles) character file.

Game seed: 12420742035316178171

12289 mUm121 the Bludgeoner (level 11, -4/95 HPs)
             Began as a Minotaur Fighter on Nov 12, 2023.
             Was a Plaything of Xom.
             Slain by an orc warrior
             ... wielding a +0 glaive
              (9 damage)
             ... on level 1 of the Orcish Mines on Nov 13, 2023.
             The game lasted 01:06:58 (11534 turns).

mUm121 the Bludgeoner (Minotaur Fighter)           Turns: 11534, Time: 01:06:59

Health: -4/95      AC: 26    Str: 24    XL:     11   Next: 60%
Magic:  10/10      EV: 12    Int:  4    God:    Xom [*.....]
Gold:   714        SH: 11    Dex: 14    Spells: 10/10 levels left

rFire   . . .        a - +2 flail (venom)
rCold   . . .        c - +1 buckler
rNeg    . . .        u - +0 plate armour
rPois   .            (helmet restricted)
rElec   .            n - scarf {repulsion}
rCorr   .            B - +0 pair of gloves
SInv    .            p - +1 pair of boots
Will    .....        D - amulet of reflection Stlth
                     e - +4 ring of protection
HPRegen 0.35/turn    L - +5 ring of evasion
MPRegen 0.12/turn

%: repel missiles, reflection
@: no status effects
A: horns 2, retaliatory headbutt, iridescent scales 1, agile 1, teleportitis 1
a: Renounce Religion


You were on level 1 of the Orcish Mines.
You worshipped Xom.
You were a special plaything of Xom.
You visited 3 branches of the dungeon, and saw 12 of its levels.
You also visited: Ossuary.

You collected 714 gold pieces.

Inventory:

Hand Weapons
 a - a +2 flail of venom (weapon)
 b - a +1 sling of freezing
 i - a +3 flail of protection
Armour
 c - a +1 buckler (worn)
 n - a scarf of repulsion (worn)
 p - a +1 pair of boots (worn)
 u - a +0 plate armour (worn)
 B - a +0 pair of gloves (worn)
Magical Staves
 g - a staff of earth
 F - a staff of poison
 G - a staff of earth
Jewellery
 e - a +4 ring of protection (left hand)
 h - a ring of ice
 D - an amulet of reflection (around neck)
 L - a +5 ring of evasion (right hand)
Wands
 f - a wand of digging (11)
 s - a wand of paralysis (3)
 w - a wand of acid (10)
 C - a wand of polymorph (8)
 K - a wand of flame (9)
Scrolls
 j - 5 scrolls of identify
 r - 2 scrolls of silence
 I - 2 scrolls of blinking
Potions
 d - a potion of might
 m - 5 potions of curing
 o - 3 potions of brilliance
 x - a potion of haste
 z - 3 potions of attraction
 A - a potion of berserk rage
 M - 2 potions of lignification
Miscellaneous
 J - a phantom mirror


   Skills:
 + Level 8.9 Fighting
 - Level 15.5 Maces & Flails
 * Level 14.1 Armour
 - Level 3.6 Shields


You had 10 spell levels left.
You didn't know any spells.
Your spell library contained the following spells:

 Spells                   Type           Power      Damage    Failure   Level
 Ensorcelled Hibernation  Hex/Ice        0%         N/A       100%        2
 Passwall                 Tmut/Erth      0%         N/A       100%        2
 Hailstorm                Conj/Ice       0%         3d3       100%        3
 Swiftness                Air            0%         N/A       100%        3
 Ice Form                 Ice/Tmut       0%         N/A       100%        4
 Simulacrum               Ice/Necr       0%         N/A       100%        6


Dungeon Overview and Level Annotations

Branches:
Dungeon (10/15)            Temple (1/1) D:5             Orc (1/2) D:10
Ossuary (visited)
   Lair: D:8-11

Altars:
Ashenzari
Cheibriados
Dithmenos
Elyvilon
Fedhas
Gozag
Hepliaklqana
Kikubaaqudgha
Makhleb
Nemelex Xobeh
Okawaru
Qazlal
Ru
Sif Muna
Trog
Uskayaw
Vehumet
Wu Jian
Xom
Yredelemnul
Zin
The Shining One

Shops:
D:1 !   D:3 :(?   D:7 :   D:9 :


Innate Abilities, Weirdness & Mutations

You have a pair of horns on your head.
You reflexively headbutt those who attack you in melee.
You are partially covered in iridescent scales. (AC +2)
You are agile. (Dex +4, Str/Int -1)
You are occasionally teleported next to monsters.


Message History

You sock the orc high priest!
The orc high priest is poisoned.
The orc high priest is moderately wounded.
The ynoxinul gestures.
Your shadow imp hits the ufetubus but does no damage.
The ufetubus hits you but does no damage. x2
You sock the orc high priest!
The orc high priest looks as sick as possible!
The orc high priest is heavily wounded.
The orc high priest barely misses you. The ufetubus barely misses you.
You furiously retaliate!
You headbutt the ufetubus!
You kill the ufetubus!
The ufetubus disappears in a puff of smoke!
The orc warrior shouts!
You sock the orc high priest!
The orc high priest looks as sick as possible!
You headbutt the orc high priest!
You kill the orc high priest!
The ynoxinul disappears in a puff of smoke!
The ufetubus disappears in a puff of smoke! x5
The soul eater disappears in a puff of smoke!
Your life force feels restored.
Your Armour skill increases to level 14!
Things that are here:
a +0 short sword; 23 gold pieces You feel a little less mighty now.
Your shadow imp hits the orc warrior but does no damage.
Your shadow imp barely misses the orc warrior.
An orc warrior is nearby!
You start resting.
An orc warrior is nearby!
The orc warrior hits you with a +0 glaive!
* * * LOW HITPOINT WARNING * * *
You hit the orc warrior but do no damage.
The orc warrior is poisoned.
The orc warrior is heavily wounded.
You hit the orc warrior.
The orc warrior looks even sicker.
You headbutt the orc warrior, but do no damage.
The orc warrior is heavily wounded.
The orc warrior hits you with a +0 glaive!
You die...

### ##.#...####..#
##.# #......#.#.o..
#...##.........o..o
###..##..............
.#....#.#..........#..
.............##.......
...##........#.....##.
##...............###
#..@o............##
##.##5............#
#####..)#.......#
##.##..#........#.##
#.........$..>.....##
.....#...............#
....#.................
$.. #....$......).....
..$............))).#.o


You could see an orc warrior (very poisoned, ally target) and a friendly shadow
imp (summoned).

Vanquished Creatures
  Erica (D:9)
  A two-headed ogre (D:9)
  An orc high priest (Orc:1)
  The ghost of laqueoix the Thaumaturge, a novice DECj of Cheibriados (D:9)
  The ghost of rozman the Summoner, a novice TeSu of Vehumet (D:7)
  A deep elf pyromancer (D:7)
  An orc sorcerer (Orc:1)
  An ugly thing (D:7)
  An unseen horror (D:10)
  A komodo dragon (D:10)
  A wraith (D:9)
  10 yaks (D:9)
  A steam dragon (D:10)
  2 wyverns
  2 acid dragons
  A naga (D:6)
  A water moccasin (D:5)
  An ice beast (D:6)
  5 orc warriors
  3 black bears
  2 sky beasts (D:7)
  An ogre (Orc:1)
  A centaur (D:9)
  3 phantoms
  2 kobold brigands (D:9)
  5 bullfrogs
  An elf zombie (Ossuary)
  5 scorpions
  8 wights
  7 killer bees
  2 howler monkeys
  4 jellies
  5 human zombies (Ossuary)
  6 centaur zombies (Ossuary)
  3 hounds
  3 gnoll boudas
  5 orc priests
  2 sleepcaps
  An iguana (D:5)
  17 orc wizards
  3 mummies (Ossuary)
  Robin (D:2)
  11 gnolls
  8 adders
  A shadow imp (D:8)
  A white imp (D:5)
  2 ufetubi
  4 dart slugs
  47 orcs
  6 ball pythons
  6 bats
  19 endoplasms
  A giant cockroach (D:1)
  18 goblins
  6 hobgoblins
  6 jackals
  A quokka (D:2)
  5 frilled lizards
  21 kobolds
  6 rats
293 creatures vanquished.

Vanquished Creatures (collateral kills)
  An orc knight (Orc:1)
  A warg (Orc:1)
  2 orc warriors
  2 wights (D:8)
  An orc wizard (Orc:1)
7 creatures vanquished.

Vanquished Creatures (others)
  An orc wizard (Orc:1)
1 creature vanquished.

Grand Total: 301 creatures vanquished

Notes
Turn   | Place    | Note
-------+----------+-------------------------------------------
     0 | D:1      | mUm121 the Minotaur Fighter began the quest for the Orb.
     0 | D:1      | Reached XP level 1. HP: 19/19 MP: 0/0
    72 | D:1      | Reached skill level 3 in Maces & Flails
   155 | D:1      | Reached XP level 2. HP: 26/26 MP: 1/1
   356 | D:1      | Found Haseqyp's Distillery.
   362 | D:1      | Reached skill level 4 in Maces & Flails
   717 | D:2      | Reached XP level 3. HP: 29/31 MP: 2/2
   717 | D:2      | Noticed Robin
   737 | D:2      | Reached skill level 5 in Maces & Flails
   739 | D:2      | Killed Robin
   903 | D:2      | Reached XP level 4. HP: 39/39 MP: 3/3
  1775 | D:3      | Reached skill level 6 in Maces & Flails
  1783 | D:3      | Found Maysimm's Weapon Shoppe.
  1880 | D:3      | Found an opulent altar of Gozag.
  1921 | D:3      | Reached XP level 5. HP: 36/45 MP: 4/4
  2018 | D:3      | Noticed a phantom
  2031 | D:3      | Killed a phantom
  2032 | D:3      | Reached skill level 7 in Maces & Flails
  2067 | D:3      | Reached XP level 6. HP: 51/51 MP: 5/5
  2230 | D:3      | Found Jewibev's Magic Scroll Boutique.
  2322 | D:3      | Found Xuegruus's Book Boutique.
  2411 | D:3      | Reached skill level 8 in Maces & Flails
  2905 | D:4      | Found a shimmering blue altar of Sif Muna.
  3150 | D:4      | Found a sand-covered staircase.
  3156 | Ossuary  | Entered an ossuary
  3209 | Ossuary  | Reached skill level 9 in Maces & Flails
  3219 | Ossuary  | Reached XP level 7. HP: 55/57 MP: 6/6
  3282 | Ossuary  | Reached skill level 10 in Maces & Flails
  3804 | D:4      | Reached skill level 11 in Maces & Flails
  4200 | D:5      | Entered Level 5 of the Dungeon
  4210 | D:5      | Reached XP level 8. HP: 53/64 MP: 7/7
  4292 | D:5      | Found a burning altar of Makhleb.
  4347 | D:5      | Found a blossoming altar of Fedhas.
  4347 | D:5      | Found an iron altar of Okawaru.
  4348 | D:5      | Found a glowing golden altar of the Shining One.
  4597 | D:5      | Reached skill level 12 in Maces & Flails
  4738 | D:5      | Reached skill level 5 in Armour
  5390 | D:5      | Found a staircase to the Ecumenical Temple.
  5458 | Temple   | Entered the Ecumenical Temple
  5574 | Temple   | Became a worshipper of Xom of Chaos
  5686 | D:6      | XOM: silly message
  5689 | D:6      | XOM: potion effect (brilliance)
  5875 | D:6      | XOM: silly message
  6149 | D:6      | XOM: cast spell 'Call Canine Familiar'
  6337 | D:6      | XOM: enchant monster (bad)
  6350 | D:6      | XOM: blink monster(s)
  6356 | D:6      | XOM: polymorph centaur -> naga
  6377 | D:6      | Reached skill level 13 in Maces & Flails
  6693 | D:6      | Reached XP level 9. HP: 70/70 MP: 8/8
  6923 | D:7      | Found Posenun's Book Emporium.
  6930 | D:7      | XOM: give mutation
  6930 | D:7      | Gained mutation: Your natural rate of healing is unusually
                  | fast. [Xom's grace]
  7051 | D:7      | XOM: divination: detect items
  7201 | D:7      | Noticed a deep elf pyromancer
  7201 | D:7      | XOM: 6-stop teleportation journey
  7246 | D:7      | XOM is BORED!
  7246 | D:7      | XOM: torment (36/70 hp)
  7246 | D:7      | Noticed a brown ugly thing
  7461 | D:7      | XOM: polymorph brown ugly thing -> purple ugly thing
  7462 | D:7      | XOM: cleaving
  7468 | D:7      | Killed a purple ugly thing
  7469 | D:7      | Reached skill level 14 in Maces & Flails
  7543 | D:7      | Killed a deep elf pyromancer
  7544 | D:7      | Reached skill level 15 in Maces & Flails
  7646 | D:7      | Found a bloodstained altar of Trog.
  7727 | D:7      | Found a runed translucent gate.
  7729 | D:7      | Found a runed translucent gate.
  7729 | D:7      | Found a runed translucent gate.
  7730 | D:7      | Noticed rozman's ghost (novice TeSu)
  7932 | D:7      | Found a hazy altar of Hepliaklqana.
  8098 | D:7      | XOM: summons friendly shadow imp
  8099 | D:7      | Killed rozman's ghost
  8100 | D:7      | Reached XP level 10. HP: 77/77 MP: 9/9
  8110 | D:7      | XOM: cast spell 'Summon Mana Viper'
  8128 | D:7      | Identified the +0 pair of boots of Dyspraxia {rElec rC-
                  | Will+ Int+2}
  8173 | D:7      | XOM: cloud trail
  8228 | D:8      | XOM: give mutations
  8228 | D:8      | Gained mutation: You are agile. (Dex +4, Str/Int -1) [Xom's
                  | grace]
  8228 | D:8      | Gained mutation: You possess an exceptional clarity of
                  | mind. [Xom's grace]
  8228 | D:8      | Gained mutation: You are partially covered in iridescent
                  | scales. (AC +2) [Xom's grace]
  8228 | D:8      | Gained mutation: Your mind is acute. (Int +4, Str/Dex -1)
                  | [Xom's grace]
  8303 | D:8      | Found a snail-covered altar of Cheibriados.
  8380 | D:8      | XOM: scenery: create altars
  8520 | D:8      | Identified the staff of cold "Gogez" {rElec rF- rC+ Str+9
                  | SInv}
  8977 | D:8      | Lost mutation: You are partially covered in iridescent
                  | scales. (AC +2) [potion of mutation]
  8977 | D:8      | Lost mutation: Your natural rate of healing is unusually
                  | fast. [potion of mutation]
  8977 | D:8      | Gained mutation: You are somewhat resistant to further
                  | mutation. [potion of mutation]
  8977 | D:8      | Gained mutation: You are occasionally teleported next to
                  | monsters. [potion of mutation]
  8978 | D:8      | Lost mutation: Your mind is acute. (Int +4, Str/Dex -1)
                  | [potion of mutation]
  8978 | D:8      | Lost mutation: You possess an exceptional clarity of mind.
                  | [potion of mutation]
  8978 | D:8      | Lost mutation: You are somewhat resistant to further
                  | mutation. [potion of mutation]
  8978 | D:8      | Gained mutation: You are partially covered in iridescent
                  | scales. (AC +2) [potion of mutation]
  8980 | D:9      | XOM: stealth player
  8989 | D:9      | XOM: summons friendly crimson imp
  8992 | D:9      | XOM: silly message
  9003 | D:9      | XOM: silly message
  9008 | D:9      | XOM: enchant monster (good)
  9017 | D:9      | Reached skill level 10 in Armour
  9018 | D:9      | Reached skill level 5 in Fighting
  9104 | D:9      | Found a white marble altar of Elyvilon.
  9114 | D:9      | Found Tiegetoe's Vocational Training.
  9114 | D:9      | XOM: noise
  9115 | D:9      | Noticed a two-headed ogre
  9129 | D:9      | Killed a two-headed ogre
  9436 | D:9      | Noticed laqueoix's ghost (novice DECj)
  9463 | D:9      | Found a runed translucent door.
  9492 | D:9      | XOM: confusion (+ monsters)
  9518 | D:9      | XOM: divination: magic mapping
  9537 | D:9      | XOM: confuse monster(s)
  9540 | D:9      | Reached XP level 11. HP: 92/92 MP: 10/10
  9546 | D:9      | Noticed Erica
  9549 | D:9      | XOM: potion effect (might)
  9553 | D:9      | Killed Erica
  9601 | D:9      | XOM: 1-stop teleportation journey
 10025 | D:9      | XOM: potion effect (might)
 10035 | D:9      | Killed laqueoix's ghost
 10120 | D:9      | XOM: scenery: create altars
 10201 | D:10     | Entered Level 10 of the Dungeon
 10213 | D:10     | Found a sacrificial altar of Ru.
 10492 | D:10     | Found a staircase to the Orcish Mines.
 10939 | D:10     | XOM: fake destruction
 11002 | D:10     | XOM: cleaving
 11217 | Orc:1    | Entered Level 1 of the Orcish Mines
 11258 | Orc:1    | XOM: divination: detect creatures
 11394 | Orc:1    | XOM: enchant monster (good)
 11395 | Orc:1    | Noticed an orc knight
 11420 | Orc:1    | XOM: summons 11 friendly demons
 11426 | Orc:1    | XOM: smoke on damage
 11428 | Orc:1    | Killed an orc knight
 11446 | Orc:1    | Noticed an orc sorcerer
 11448 | Orc:1    | Noticed an orc high priest
 11451 | Orc:1    | Noticed a soul eater
 11459 | Orc:1    | XOM: smoke on damage
 11462 | Orc:1    | XOM: enchant monster (good)
 11463 | Orc:1    | Killed an orc sorcerer
 11480 | Orc:1    | XOM: noise
 11488 | Orc:1    | XOM: summons friendly shadow imp
 11491 | Orc:1    | XOM: 2-stop teleportation journey
 11513 | Orc:1    | Noticed a soul eater
 11520 | Orc:1    | Killed an orc high priest
 11532 | Orc:1    | HP: 4/95 [orc warrior/+0 glaive (9)]
 11534 | Orc:1    | Slain by an orc warrior

Illustrated notes

Levels and vault maps discovered:
D:1:      mushboom_english_gardens, layout_loops_ring, serial_shops, shop
D:2:      layout_loops_corners, uniq_robin
D:3:      cheibrodos_fertilizer, layout_loops_ring,
          mainiacjoe_overflow_24_doors, serial_shops, shop,
          nicolae_shop_window_shopping, shop
D:4:      layout_basic, nicolae_sif_muna_condensation,
          nicolae_ossuary_entry_plus, dk_noncrumbling_2
D:5:      kennysheep_six_static_rooms, layout_loops_ring, lemuel_doored_altar,
          chequers_temple_overflow_statue_of_worship,
          minmay_temple_entry_poolview
D:6:      layout_loops_ring, kb_lookout_dungeons_type, kennysheep_cross_room
D:7:      layout_loops_ring, marbit_many_paths,
          mainiacjoe_overflow_tiny_flanked, biasface_ghost_orc_armoury,
          st_stairs_10, nicolae_stop_n_shop_1, minmay_chambers_of_fives
D:8:      layout_gridville, mainiacjoe_overflow_brackets
D:9:      layout_basic, nicolae_overflow_hidden_temple,
          hellmonk_ghost_happy_afterlife, nicolae_shop_vocational, uniq_erica
D:10:     layout_basic, nicolae_ru_great_annihilating_truth, orc_0_dummy,
          hangedman_decor_growths
Temple:   nicolae_temple_bog_church
Orc:1:    layout_caves

Skill      XL: |  1  2  3  4  5  6  7  8  9 10 11 |
---------------+----------------------------------+-----
Maces & Flails | 3 4 5 6 7 9 11 13 15 | 15.5
Armour         | 6 8 12 14 | 14.1
Fighting       | 7 8 |  8.9
Shields        | |  3.6

Action                     |  1- 3 |  4- 6 |  7- 9 | 10-12 || total
---------------------------+-------+-------+-------+-------++-------
  Melee: Flail             |    82 |   146 |   313 |   303 ||   844
         Headbutt          |     9 |    19 |    64 |    59 ||   151
   Fire: Sling             |       |    28 |    46 |     9 ||    83
  Evoke: Wand              |       |       |       |     1 ||     1
    Use: Scroll            |     3 |     5 |    15 |     8 ||    31
         Potion            |       |       |     2 |    13 ||    15
   Stab: Invisible         |       |       |       |     2 ||     2
         Confused          |       |       |       |     1 ||     1
         Paralysed         |       |       |       |     1 ||     1
 Armour: Scale mail        |    56 |    42 |       |       ||    98
         Plate armour      |       |    25 |   223 |   133 ||   381
  Dodge: Dodged            |    33 |    44 |    93 |   117 ||   287
         Repelled          |       |       |     3 |       ||     3
  Block: Buckler           |    13 |    28 |   104 |   149 ||   294
         Reflection        |       |       |     1 |     8 ||     9
